 Dungeon Crawl Stone Soup version 0.26-a0-849-gf1512cd430 (webtiles) character file.

Game seed: 3399703748677214215

21 Descartes the Sneak (level 2, 0/14 HPs)
             Began as a Felid Delver on Nov 20, 2020.
             Slain by an iguana (12 damage)
             ... on level 5 of the Dungeon.
             The game lasted 00:01:09 (342 turns).

Descartes the Sneak (Felid Delver)                   Turns: 342, Time: 00:01:09

Health: 0/14       AC:  1    Str:  8    XL:     2   Next: 62%
Magic:  3/3        EV: 18    Int: 11    God:
Gold:   0          SH:  0    Dex: 17    Spells: 1/1 levels left
                                        Lives:  0   Deaths: 0

rFire    . . .     SeeInvis +     - Unarmed
rCold    . . .     Faith    .   (shield unavailable)
rNeg     . . .     Spirit   .   (armour unavailable)
rPois    .         Reflect  .   (helmet unavailable)
rElec    .         Harm     .   (cloak unavailable)
rCorr    .         Rampage  .   (gloves unavailable)
MR       .....                  (boots unavailable)
Stlth    ++++......             (no amulet)
HPRegen  0.04/turn              (no ring)
MPRegen  0.08/turn              (no ring)

@: quick
A: very small, no armour, no weapons or thrown items, stealth, claws 1, fangs 3,
see invisible, speed 1, shaggy fur 1, sharp paws
a: no special abilities


You were on level 5 of the Dungeon.
You visited 1 branch of the dungeon, and saw 1 of its levels.

Inventory:

Wands
 e - a wand of digging (3)
Scrolls
 a - a scroll of fog
 b - a scroll of magic mapping
 c - a scroll of fear
 f - a scroll of identify {unknown}
Potions
 d - a potion of haste


   Skills:
 - Level 3.0 Fighting
 + Level 2.6 Dodging
 + Level 7.6 Stealth
 + Level 2.0 Unarmed Combat


You had one spell level left.
You didn't know any spells.
Your spell library was empty.

Dungeon Overview and Level Annotations

Branches:
Dungeon (5/15)
 Temple: D:4-7

Altars:
Hepliaklqana


Innate Abilities, Weirdness & Mutations

You cannot wear armour.
You are incapable of wielding weapons or throwing items.
Your paws allow you to move quietly. (Stealth)
You have sharp claws.
You have razor-sharp teeth.
You have supernaturally acute eyesight. (SInv)
You cover ground quickly.
You are covered in fur. (AC +1)
Your sharp claws are effective at attacking unaware monsters.


Message History

A quokka skeleton comes into view.
You scratch the quokka skeleton.
The quokka skeleton is severely damaged.
The quokka skeleton completely misses you.
You claw the quokka skeleton!
You destroy the quokka skeleton!
No target in view!
f - a scroll labelled LOEPLOICHU Your library has no spells.
Found a hunting sling.
An iguana comes into view.
The iguana hisses angrily.
Found a fizzy emerald potion.
You scratch the iguana but do no damage.
The iguana completely misses you.
You scratch the iguana but do no damage.
The iguana bites you.
You barely miss the iguana. The iguana bites you!
Ouch! That really hurt!
You die...

######### ##.###.
#.......#.... ... #######
#.......#...# ##.#+## .......
#............ .....(. .......
#...........# ###....
.......##...........###......
.............................
.....[.###.l@....# #.......#
.....).###.###...# #.#.....#
.......#.....#...# #.##.####
.......#.....#...# #........
.......#......<..# ####.####
.......#.....#...# #........
!....###.....#..†####.....###
.......#......#.....#
........#......#....####


You could see an iguana.

Vanquished Creatures
  A hound skeleton (D:5)
  An ooze (D:5)
  2 giant cockroaches (D:5)
  A quokka skeleton (D:5)
5 creatures vanquished.

Notes
Turn   | Place    | Note
-------+----------+-------------------------------------------
     0 | D:5      | Descartes the Felid Delver began the quest for the Orb.
     0 | D:5      | Reached XP level 1. HP: 10/10 MP: 2/2
    11 | D:5      | Noticed a centaur
    71 | D:5      | Found a hazy altar of Hepliaklqana.
    92 | D:5      | Reached skill level 7 in Stealth
    92 | D:5      | Reached XP level 2. HP: 7/14 MP: 3/3
   342 | D:5      | Slain by an iguana

Illustrated notes

Levels and vault maps discovered:
D:5:      layout_basic, general_overflow_altar,
          minmay_temple_entry_statues_pillars, basic_altar

Skill      XL: |  1 |
---------------+----+-----
Stealth        | 7 |  7.6
Fighting       | |  3.0
Dodging        | |  2.6
Unarmed Combat | |  2.0

Action                   || total
-------------------------++-------
Melee: Unarmed           ||    18
       Bite              ||     2
 Stab: Sleeping          ||     2
Armor: Skin              ||     1
Dodge: Dodged            ||    11

Table legend: (Time is in decaauts)
 A = Elapsed time spent in this place.
 B = Non-inter-level travel time spent in this place.
 C = Inter-level travel time spent in this place.
 D = Time resting spent in this place.
 E = Time spent auto-exploring this place.
 F = Levels seen in this place.
 G = Mean time per level.
                   A        B        C        D        E       F      G
               +--------+--------+--------+--------+--------+-----+--------+
         Total |    311 |    311 |      0 |      0 |    210 |   1 |  311.0 |
       Dungeon |    311 |    311 |      0 |      0 |    210 |   1 |  311.0 |
               +--------+--------+--------+--------+--------+-----+--------+

Top non-repeatable levels by time:
     D:5: 311 daAuts
